AoeStats
← Megiago

Arabia

507283386Analyzed
1v1 RM · 14d ago on Sep 17, 2026· 32m 10s· 2 players
Game mode
Random Map
Map size
Tiny (2 player)
Population
200
Speed
Normal
Resources
Standard
Victory
Conquest
Starting age
Dark Age
Ending age
Imperial Age
RankedLock teamsTeams togetherTeam positionsShared explorationLock speedFull tech treeHidden civsTurbo modeCheats
Victory
Defeat
🇨🇴 Khmer · Colombia
1531
+14
🇩🇪 Portuguese · Germany
1494
-14
Megiago
7:35 Loom
9:37 Feudal Age
10:42 Double-Bit Axe
14:47 Fletching
22:02 Castle Age
20:22 Gold Mining
20:19 Horse Collar
21:12 Padded Archer Armor
22:04 Crossbowman
22:40 Bodkin Arrow
29:38 Stone Mining
TVHG.LALO_CAESTA
6:05 Loom
8:38 Feudal Age
9:34 Double-Bit Axe
16:44 Wheelbarrow
16:28 Padded Archer Armor
17:47 Fletching
22:46 Castle Age
20:33 Horse Collar
21:03 Gold Mining
22:04 Scale Barding Armor
22:10 Bloodlines
22:32 Forging
22:50 Elite Skirmisher
23:25 Bodkin Arrow
23:45 Town Watch
24:41 Chain Barding Armor
25:24 Leather Archer Armor
26:32 Husbandry
27:51 Hand Cart
30:36 Iron Casting
Connection lost

Rejoining the realm…

Still unreachable

The connection could not be restored.

Session expired

The server has moved on; the page needs a fresh start.